 Dungeon Crawl Stone Soup version 0.31.0-12-g77e489cdc1 (webtiles) character file.

Game seed: 16715482514829044754

1331 112233 the Thaumaturge (level 8, -1/46 HPs)
             Began as an Octopode Necromancer on Feb 22, 2024.
             Incinerated by a bombardier beetle (5 damage)
             ... with a burning spray
             ... on level 5 of the Dungeon.
             The game lasted 00:06:04 (4927 turns).

112233 the Thaumaturge (Octopode Necromancer)       Turns: 4927, Time: 00:06:04

Health: -1/46      AC:  1    Str:  8    XL:     8   Next: 60%
Magic:  1/20       EV: 13    Int: 25    God:
Gold:   385        SH:  0    Dex: 18    Spells: 16/24 levels left

rFire   . . .        j - +1 whip (elec)
rCold   . . .        (no shield)
rNeg    . . .        (helmet restricted)
rPois   .            (no amulet)
rElec   .            A - +6 ring of dexterity
rCorr   .            t - +6 ring of intelligence
SInv    .            (no ring)
Will    +....        (no ring)
Stlth   ++           (no ring)
HPRegen 0.27/turn    (no ring)
MPRegen 0.17/turn    (no ring)
                     (no ring)

%: no passive effects
@: mighty, on fire, enlightened, flying, glowing
A: almost no armour, amphibious, 8 rings, camouflage 1, gelatinous body 1,
(nimble swimmer 1), tentacles
a: no special abilities


You were on level 5 of the Dungeon.
You visited 1 branch of the dungeon, and saw 7 of its levels.

You collected 385 gold pieces.

Inventory:

Hand Weapons
 j - a +1 whip of electrocution (weapon)
Missiles
 v - a throwing net
 y - 3 curare-tipped darts
 z - 18 poisoned darts
 C - 2 atropa-tipped darts
Magical Staves
 e - a staff of conjuration
Jewellery
 t - a +6 ring of intelligence (right tentacle)
 w - a ring of ice
 A - a +6 ring of dexterity (left tentacle)
 B - an amulet of reflection
Talismans
 d - a blade talisman
 q - a maw talisman
 r - a serpent talisman
Scrolls
 b - 5 scrolls of identify {unknown}
 c - a scroll of teleportation {unknown}
 g - a scroll of butterflies {unknown}
 h - a scroll of poison {unknown}
 i - 2 scrolls of amnesia {unknown}
 n - 4 scrolls of torment {unknown}
 p - 2 scrolls of noise {unknown}
 s - a scroll of revelation {unknown}
 u - a scroll of blinking {unknown}
Potions
 a - 2 potions of magic
 k - a potion of curing {unknown}
 l - a potion of resistance {unknown}
 m - 2 potions of enlightenment
 o - a potion of attraction {unknown}
 x - a potion of heal wounds {unknown}


   Skills:
 - Level 2.0 Dodging
 - Level 2.6 Stealth
 + Level 8.8 Spellcasting
 * Level 5.7 Necromancy


You had 16 spell levels left.
You knew the following spells:

 Your Spells              Type           Power      Damage    Failure   Level
a - Necrotise             Necr           100%       1d9       1%          1
b - Vampiric Draining     Necr           39%        2d8       1%          3
c - Animate Dead          Necr           39%        N/A       5%          4

Your spell library contained the following spells:

 Spells                   Type           Power      Damage    Failure   Level
 Curse of Agony           Necr           39%        N/A       14%         5


Dungeon Overview and Level Annotations

Branches:
Dungeon (7/15)
 Temple: D:4-7

Altars:
Dithmenos
Elyvilon
Nemelex Xobeh
Wu Jian

Shops:
D:3 :   D:6 **[[(

Annotations:
D:4 exclusion: downstairs


Innate Abilities, Weirdness & Mutations

You cannot wear most types of armour.
You are amphibious.
You can wear up to eight rings at the same time.
Your skin changes colour to match your surroundings (Stealth+).
Your rubbery body absorbs attacks. (AC +1, EV +1)
((You are camouflaged when in or above water. (Stealth+)))
You have tentacles for arms and can constrict up to eight enemies at once.


Message History

You constrict the bombardier beetle.
Your adder zombie burns!
Your orc zombie hits the bombardier beetle but does no damage.
The bombardier beetle sprays incendiary fluid at you.
The burning spray hits you.
You are covered in liquid fire!
Your adder zombie completely misses the bombardier beetle.
Unknown command.
You hit the bombardier beetle but do no damage.
Lightning courses through the bombardier beetle!!
You kill the bombardier beetle!
The liquid fire burns you!
Your adder zombie burns!
Your adder zombie is destroyed!
The ice beast hits you. The ice beast freezes you!
Casting: Necrotise (safe; 1% risk of failure)
Confirm with . or Enter, or press ? or * to list all spells.
Aiming: Vampiric Draining (safe; 1% risk of failure)
Press: ? - help, Shift-Dir - straight line, f - ice beast
Aim: an ice beast (almost dead, ally target)
You draw life force from the ice beast!
You kill the ice beast!
You feel life coursing into your body. The liquid fire burns you!
* * * LOW HITPOINT WARNING * * *
You shake off some of the fire as you move.
The liquid fire burns you!
* * * LOW HITPOINT WARNING * * *
Your orc zombie misses the ice beast.
Items here: )) [ †.
Unknown command.
It was a potion of might.
You feel very mighty all of a sudden. The liquid fire burns you!
* * * LOW HITPOINT WARNING * * *
It was a potion of enlightenment.
You feel very buoyant.
You fly up into the air.
The liquid fire burns you!
You die...

#. ..##.# ##.. #....
##...#####..# #. ##.
.......##...###. #...
#....#.#......## ...##
#...............
...####...............
#.#.##...............
h≈≈######Y.)@................
lo≈#h#...Z..†<...........)...
o.~......Z..........#.......>
S.≈.................#..##....
B≈≈...................##.....
≈≈.....................#.....
.............................
$................#.......###.
.......[.........#..##....#..


You could see an ice beast (ally target), a friendly ice beast zombie and a
friendly orc zombie.

Vanquished Creatures
  4 ice beasts
  4 black bears
  A phantom (D:4)
  A bullfrog (D:6)
  A bombardier beetle (D:5)
  An orc priest (D:6)
  2 hounds
  An orc wizard (D:6)
  5 iguanas
  6 adders
  A shadow imp (D:4)
  4 white imps (D:4)
  4 ufetubi (D:4)
  3 dart slugs
  A ribbon worm (D:2)
  8 orcs
  A bat (D:3)
  10 endoplasms
  2 giant cockroaches
  2 goblins
  4 hobgoblins
  3 jackals (D:1)
  3 quokkas
  8 ball pythons
  6 kobolds
  6 rats
92 creatures vanquished.

Vanquished Creatures (collateral kills)
  A dart slug (D:5)
  2 endoplasms
  A quokka (D:2)
  A ball python (D:1)
  A frilled lizard (D:1)
6 creatures vanquished.

Vanquished Creatures (others)
  A black bear zombie (D:5)
  An adder zombie (D:5)
  A dart slug zombie (D:5)
  An orc zombie (D:5)
4 creatures vanquished.

Grand Total: 102 creatures vanquished

Notes
Turn   | Place    | Note
-------+----------+-------------------------------------------
     0 | D:1      | 112233 the Octopode Necromancer began the quest for the
                  | Orb.
     0 | D:1      | Reached XP level 1. HP: 11/11 MP: 3/3
   164 | D:2      | Reached XP level 2. HP: 17/17 MP: 3/5
   273 | D:3      | Found a sparkling altar of Nemelex Xobeh.
   274 | D:3      | Found a shadowy altar of Dithmenos.
   519 | D:2      | Reached skill level 3 in Spellcasting
   723 | D:2      | Reached XP level 3. HP: 21/21 MP: 4/7
  1446 | D:1      | Found a faded altar of an unknown god.
  1458 | D:1      | Reached XP level 4. HP: 27/27 MP: 3/9
  1617 | D:1      | Reached skill level 4 in Spellcasting
  1974 | D:3      | Found Uroemn's Vocational Training.
  2496 | D:4      | Reached XP level 5. HP: 23/31 MP: 6/12
  2500 | D:4      | Learned a level 3 spell: Vampiric Draining
  2575 | D:4      | Noticed a phantom
  2591 | D:4      | Killed a phantom
  2592 | D:4      | Reached skill level 5 in Spellcasting
  2769 | D:4      | Found an ornate altar of the Wu Jian Council.
  2786 | D:4      | Reached XP level 6. HP: 36/36 MP: 14/14
  3381 | D:5      | Entered Level 5 of the Dungeon
  3445 | D:5      | Reached skill level 6 in Spellcasting
  3572 | D:6      | Noticed a black bear
  3581 | D:6      | Killed a black bear
  3653 | D:6      | Found a white marble altar of Elyvilon.
  3664 | D:6      | Reached XP level 7. HP: 38/41 MP: 6/17
  3746 | D:6      | Found Imme's General Store.
  3752 | D:6      | Found Tosier's Specific Store.
  3777 | D:6      | Reached skill level 7 in Spellcasting
  3947 | D:6      | Found Palomn's Armour Shoppe.
  4259 | D:6      | Reached skill level 8 in Spellcasting
  4331 | D:6      | You fall into a shaft and drop 1 floor!
  4415 | D:6      | Reached XP level 8. HP: 37/46 MP: 16/20
  4468 | D:6      | Found Jenycox's Weapon Boutique.
  4487 | D:6      | Found Laescheffi's Armour Shoppe.
  4864 | D:4      | Learned a level 4 spell: Animate Dead
  4906 | D:5      | Reached skill level 5 in Necromancy
  4927 | D:5      | Incinerated by a bombardier beetle

Illustrated notes

Levels and vault maps discovered:
D:1:      shiori_shiawase, layout_basic, nicolae_ecumenical_snake_handling
D:2:      layout_basic, minmay_hexomino_c4
D:3:      layout_loops_ring, nicolae_overflow_squiral, nicolae_shop_vocational
D:4:      layout_loops_corners, mainiacjoe_overflow_small_starburst,
          serial_demonic, serial_demonic_f, serial_demonic_b, serial_demonic_e,
          serial_demonic_a, serial_demonic_f, serial_demonic_b,
          serial_demonic_e, serial_demonic_g, grunt_ministairs_13, st_stairs_5,
          chequers_serial_rivers_micro_b, serial_library_hellmonk_room_b
D:5:      layout_cave_pools, gammafunk_temple_overflow_statue,
          mainiacjoe_overflow_alcove_2, xom_confusion_cloud,
          minmay_temple_entry_statues
D:6:      layout_basic, mainiacjoe_overflow_alcove_1, serial_shops,
          nicolae_shop_advertising_works [nicolae_subvault_shop_adworks],
          nicolae_shop_just_a_little_nook, nicolae_shop_bloodbath_and_beyond,
          nicolae_specific_store
D:7:      layout_cave_pods, mainiacjoe_overflow_24_doors, kennysheep_slug_shrine

Skill      XL: |  1  2  3  4  5  6  7  8 |
---------------+-------------------------+-----
Spellcasting   | 3 4 5 6 8 |  8.8
Necromancy     | 5 |  5.7
Dodging        | |  2.0
Stealth        | |  2.6

Action                     |  1- 3 |  4- 6 |  7- 9 || total
---------------------------+-------+-------+-------++-------
  Melee: Unarmed           |     3 |       |       ||     3
         Tentacles         |     2 |    10 |     9 ||    21
         Whip              |     2 |    41 |    30 ||    73
         Constrict         |     1 |     9 |    10 ||    20
   Cast: Necrotise         |    67 |    40 |    34 ||   141
         Vampiric Draining |       |     5 |    19 ||    24
         Animate Dead      |       |       |     1 ||     1
    Use: Potion            |       |       |     2 ||     2
 Armour: Skin              |     6 |    42 |    26 ||    74
  Dodge: Dodged            |    17 |    47 |    26 ||    90
